AoeStats
← Lidrin

Arabia

510080588Analyzed
1v1 RM · 3d ago on Sep 29, 2026· 57m 20s· 2 players
Game mode
Random Map
Map size
Tiny (2 player)
Population
200
Speed
Normal
Resources
Standard
Victory
Conquest
Starting age
Dark Age
Ending age
Imperial Age
RankedLock teamsTeams togetherTeam positionsShared explorationLock speedFull tech treeHidden civsTurbo modeCheats
Victory
Defeat
🇦🇷 Magyars · Argentina
914
+16
🇨🇳 Armenians · China
910
-16
maorachow
8:30 Loom
10:52 Feudal Age
13:55 Man-at-Arms
17:11 Double-Bit Axe
17:09 Horse Collar
17:17 Long Swordsman
18:31 Forging
20:26 Arson
20:42 Pikeman
21:48 Gold Mining
25:33 Scale Mail Armor
30:58 Castle Age
30:09 Fletching
30:19 Padded Archer Armor
30:56 Stone Mining
34:56 Squires
35:04 Two-Handed Swordsman
36:25 Elite Skirmisher
54:51 Imperial Age
55:23 Bodkin Arrow
55:44 Leather Archer Armor
56:21 Sanctity
56:15 Fervor
56:21 Bow Saw
Lidrin
6:44 Loom
9:04 Feudal Age
10:07 Double-Bit Axe
19:30 Castle Age
17:19 Horse Collar
18:40 Scale Barding Armor
18:32 Gold Mining
19:18 Bloodlines
24:01 Thumb Ring
26:17 Gold Shaft Mining
25:07 Crossbowman
32:28 Fletching
32:38 Padded Archer Armor
34:48 Heavy Plow
40:58 Stone Mining
41:40 Bodkin Arrow
42:00 Leather Archer Armor
45:34 Imperial Age
44:26 Chain Barding Armor
47:40 Corvinian Army
48:01 Conscription
48:23 Wheelbarrow
47:33 Town Watch
49:56 Hand Cart
49:41 Town Patrol
50:15 Ring Archer Armor
53:04 Bracer
53:41 Plate Barding Armor
53:37 Ballistics
54:18 Chemistry
54:31 Town Patrol
Connection lost

Rejoining the realm…

Still unreachable

The connection could not be restored.

Session expired

The server has moved on; the page needs a fresh start.